 Dungeon Sprint DCSS version 0.31-a0-656-gb4d89c20fa (webtiles) character file.

Game seed: 13985459282515314139

49 rocky1 the Changeling (level 3, -2/26 HPs)
             Began as a Demonspawn Shapeshifter on Aug 31, 2023.
             Was an Initiate of Gozag.
             Slain by an orc warrior
             ... wielding a +0 trident
              (6 damage)
             ... in the Dungeon (Sprint IX: "|||||||||||||||||||||||||||||").
             The game lasted 00:01:02 (379 turns).

rocky1 the Changeling (Demonspawn Shapeshifter)      Turns: 379, Time: 00:01:02

Health: -2/26      AC: 10    Str: 17    XL:     3   Next: 51%
Magic:  3/3        EV:  8    Int: 13    God:    Gozag
Gold:   0          SH:  0    Dex: 15    Spells: 2/2 levels left

rFire   . .          .
                       - Unarmed
rCold   . . .        (no shield)
rNeg    . . .        p - +1 chain mail
rPois   .            (helmet currently unavailable)
rElec   .            (cloak currently unavailable)
rCorr   .            (gloves currently unavailable)
SInv    .            (boots currently unavailable)
Will    .....        (no amulet) Stlth
                     q - +3 ring of dexterity
HPRegen 0.24/turn    r - +3 ring of strength
MPRegen 0.08/turn

%: no teleportation
@: beast-form
A: beast (slay +2), sharp scales 1
a: Begin Untransformation, Renounce Religion, Potion Petition, Call Merchant,
Bribe Branch


You were in the Dungeon.
You worshipped Gozag.
Gozag was noncommittal.
You were a hulking beast.
You visited 1 branch

Inventory:

Armour
 a - a +0 animal skin
 n - a +0 pair of boots
 o - a +0 helmet
 p - a +1 chain mail (worn)
Jewellery
 q - a +3 ring of dexterity (left hand)
 r - a +3 ring of strength (right hand)
Talismans
 c - a beast talisman (active)
 d - a flux talisman
Wands
 m - a wand of acid (9)
Scrolls
 j - 2 scrolls of blinking
 l - 2 scrolls of amnesia
Potions
 b - a potion of lignification
 e - 5 potions of curing
 f - a potion of invisibility
 g - a potion of haste
 h - 4 potions of magic
 i - a potion of berserk rage
 k - 2 potions of heal wounds


   Skills:
 + Level 1.4 Fighting
 + Level 2.6 Dodging
 + Level 4.7 Unarmed Combat
 + Level 4.9 Shapeshifting


You had 2 spell levels left.
You didn't know any spells.
Your spell library was empty.

Dungeon Overview and Level Annotations

Branches:
Dungeon (1/1)

Altars:
Cheibriados
Dithmenos
Fedhas
Gozag
Hepliaklqana
Kikubaaqudgha
Makhleb
Nemelex Xobeh
Okawaru
Qazlal
Ru
Sif Muna
Trog
Uskayaw
Vehumet
Wu Jian
Xom
Yredelemnul
Jiyva
Lugonu


Innate Abilities, Weirdness & Mutations

You are a hulking beast.
Your limbs bulge with bestial killing power. (Slay +2)
You are partially covered in razor-sharp scales. (AC +1, Slay +1)


Message History

The orc warrior hits you with a +0 trident!
There is an open door to the Dungeon here.
You barely miss the orc warrior. The orc warrior completely misses you.
You punch the orc warrior!
The orc warrior is moderately wounded.
The orc warrior barely misses you.
You barely miss the orc warrior.
The orc warrior is moderately wounded.
The orc warrior barely misses you.
Aiming: Corrosive Bolt
Press: ? - help, Shift-Dir - straight line, f - orc warrior
Aim: an orc warrior, wielding a +0 trident and wearing a +0 plate armour (moderately wounded, 71% to hit)
The bolt of acid hits the orc warrior!
The acid corrodes the orc warrior!
The orc warrior is heavily wounded.
The bolt of acid hits the centaur!
The acid corrodes the centaur!
The centaur is heavily wounded.
The bolt of acid hits the kobold demonologist!
The acid corrodes the kobold demonologist!
The kobold demonologist is heavily wounded.
The bolt of acid misses the vampire mosquito.
The bolt of acid misses the acid dragon.
The kobold demonologist mumbles some strange words.
The orc warrior barely misses you.
Unknown command.
You closely miss the orc warrior.
The orc warrior is heavily wounded.
The orc warrior hits you but does no damage.
You hit the orc warrior.
The orc warrior is severely wounded.
The orc warrior hits you but does no damage.
You closely miss the orc warrior.
The orc warrior is severely wounded.
The orc warrior hits you with a +0 trident!
Ouch! That really hurt!
* * * LOW HITPOINT WARNING * * *
You punch the orc warrior!
The orc warrior is almost dead.
The orc warrior hits you with a +0 trident.
You die...
Your body crumbles into a pile of gold.

▓.▓
▓)▓
▓.▓
▓.▓
▓.▓
▓.▓
▓.▓
▓.▓
▓h▓
▓o▓
▓c▓
▓K▓
▓y▓
▓D▓
▓Y▓
▓+▓


You could see a kobold demonologist (corroded), a yak, an orc warrior
(corroded), an acid dragon, a vampire mosquito and a centaur (corroded).

Vanquished Creatures
  An iguana (D)
  An adder (D)
  An ufetubus (D)
  An orc (D)
  3 hobgoblins (D)
  A quokka (D)
  2 rats (D)
10 creatures vanquished.

Notes
Turn   | Place    | Note
-------+----------+-------------------------------------------
     0 | D        | rocky1 the Demonspawn Shapeshifter began the quest for the
                  | Orb.
     0 | D        | Reached XP level 1. HP: 15/15 MP: 1/1
    43 | D        | Noticed an iguana
    48 | D        | Gained mutation: You are partially covered in razor-sharp
                  | scales. (AC +1, Slay +1) [demonic ancestry]
    48 | D        | Reached XP level 2. HP: 11/21 MP: 2/2
    66 | D        | Reached XP level 3. HP: 13/26 MP: 3/3
   304 | D        | Found a snail-covered altar of Cheibriados.
   304 | D        | Found a shadowy altar of Dithmenos.
   304 | D        | Found a blossoming altar of Fedhas.
   304 | D        | Found an opulent altar of Gozag.
   305 | D        | Found a hazy altar of Hepliaklqana.
   306 | D        | Found a viscous altar of Jiyva.
   307 | D        | Found an ancient bone altar of Kikubaaqudgha.
   308 | D        | Found a corrupted altar of Lugonu.
   309 | D        | Found a burning altar of Makhleb.
   310 | D        | Found a sparkling altar of Nemelex Xobeh.
   311 | D        | Found an iron altar of Okawaru.
   312 | D        | Found a stormy altar of Qazlal.
   314 | D        | Became a worshipper of Gozag Ym Sagoz the Greedy
   316 | D        | Found a sacrificial altar of Ru.
   317 | D        | Found a shimmering blue altar of Sif Muna.
   318 | D        | Found a bloodstained altar of Trog.
   319 | D        | Found a hide-covered altar of Uskayaw.
   320 | D        | Found a radiant altar of Vehumet.
   321 | D        | Found an ornate altar of the Wu Jian Council.
   322 | D        | Found a shimmering altar of Xom.
   323 | D        | Found a basalt altar of Yredelemnul.
   370 | D        | Noticed an orc warrior
   370 | D        | Noticed a centaur
   370 | D        | Noticed a kobold demonologist
   370 | D        | Noticed a vampire mosquito
   370 | D        | Noticed an acid dragon
   370 | D        | Noticed a yak
   379 | D        | Slain by an orc warrior

Illustrated notes

Levels and vault maps discovered:
D:        linesprint [early_d, line_temple, items_1, d_10, items_2, lair_1,
          lair_end, items_3, orc_1, orc_end, items_4, d_15, swamp_1, shoals_1,
          snake_1, spider_1, d_20, vaults_1, items_5, swamp_end, shoals_end,
          snake_end, spider_end, vaults_end, d_27, items_6, zot_1, zot_end,
          crypt_end, forest_end, elf_end, slime_end, tomb_end, abyss_end,
          pan_hell_end]

Skill      XL: |  1  2 |
---------------+-------+-----
Shapeshifting  | 4 |  4.9
Unarmed Combat | 3 4 |  4.7
Dodging        | 2 |  2.6
Fighting       | |  1.4

Action                     || total
---------------------------++-------
  Melee: Unarmed           ||    45
  Evoke: Wand              ||     1
    Use: Potion            ||     1
 Armour: Animal skin       ||     4
         Chain mail        ||     2
  Dodge: Dodged            ||    27

Table legend: (Time is in decaauts)
 A = Elapsed time spent in this place.
 B = Non-inter-level travel time spent in this place.
 C = Inter-level travel time spent in this place.
 D = Time resting spent in this place.
 E = Time spent auto-exploring this place.
 F = Levels seen in this place.
 G = Mean time per level.
                   A        B        C        D        E       F      G
               +--------+--------+--------+--------+--------+-----+--------+
         Total |    375 |    375 |      0 |    248 |      0 |   1 |  375.0 |
       Dungeon |    375 |    375 |      0 |    248 |      0 |   1 |  375.0 |
               +--------+--------+--------+--------+--------+-----+--------+

Top non-repeatable levels by time:
       D: 375 daAuts
